 Dungeon Crawl Stone Soup version 0.20.0-7-g3b7b877 (webtiles) character file.

290 MTVSty1e the Ruffian (level 6, -3/53 HPs)
             Began as a Draconian Transmuter on May 29, 2017.
             Slain by a gnoll
             ... wielding a +0 club
              (6 damage)
             ... on level 5 of the Dungeon.
             The game lasted 00:07:55 (4908 turns).

MTVSty1e the Ruffian (Draconian Transmuter)         Turns: 4908, Time: 00:07:56

Health: -3/53      AC:  7    Str: 13    XL:     6   Next: 9%
Magic:  0/9        EV: 12    Int: 20    God:
Gold:   250        SH:  0    Dex: 11    Spells: 1/9 levels left

rFire    . . .     SeeInvis .     - Unarmed
rCold    . . .     Gourm    .   (no shield)
rNeg     . . .     Faith    .   (armour unavailable)
rPois    .         Spirit   .   (helmet restricted)
rElec    .         Reflect  .   (no cloak)
rCorr    .         Harm     .   e - +0 pair of gloves
MR       .....                  (boots currently unavailable)
Stlth    +.........             (no amulet)
Regen    0.2/turn               (no ring)
MPRegen  0.2/turn               (no ring)

@: brilliant, appendage, very slightly contaminated
A: unfitting armour, talons 3, cold-blooded, AC +6
a: End Transformation


You were on level 5 of the Dungeon.
You were not hungry.
You had grown temporary talons.
You visited 1 branch of the dungeon, and saw 5 of its levels.

You collected 250 gold pieces.

Inventory:

Missiles
 a - 49 arrows
Armour
 e - a +0 pair of gloves (worn)
Scrolls
 c - a scroll of fear {unknown}
 d - a scroll of remove curse {unknown}
 g - a scroll of magic mapping {unknown}
 h - a scroll of recharging {unknown}
 j - 8 scrolls of identify {unknown}
 k - 3 scrolls of random uselessness {unknown}
 l - a scroll of fog {unknown}
Potions
 m - a potion of magic {unknown}
Books
 b - a book of Changes

   Spells                             Type                      Level
   a - Beastly Appendage              Transmutation                1
   b - Sticks to Snakes               Transmutation                2
   c - Spider Form                    Transmutation/Poison         3
   d - Ice Form                       Ice/Transmutation            4
   e - Blade Hands                    Transmutation                5


   Skills:
 + Level 4.6 Fighting
 - Level 1.7 Dodging
 + Level 5.3 Unarmed Combat
 - Level 2.0 Spellcasting
 - Level 2.0 Transmutations


You had one spell level left.
You knew the following spells:

 Your Spells              Type           Power        Failure   Level  Hunger
a - Beastly Appendage     Tmut           ###...       1%          1    #......
b - Sticks to Snakes      Tmut           ###.....     1%          2    ##.....
c - Blade Hands           Tmut           ###.......   19%         5    ######.


Dungeon Overview and Level Annotations

Branches:
Dungeon (5/15)
 Temple: D:4-7

Altars:
Qazlal

Annotations:
D:4 Mesmaeker13's ghost, amateur HuSk


Innate Abilities, Weirdness & Mutations

Your plain brown scales are hard. (AC +6)
You cannot fit into any form of body armour.
You are cold-blooded and may be slowed by cold attacks.
You have claws for feet.


Message History

Your talons disappear.
Casting: Sticks to Snakes
Confirm with . or Enter, or press ? or * to list all spells.
You don't have enough magic to cast that spell.
There is an escape hatch in the floor here.
The gnoll hits you with a club.
* * * LOW HITPOINT WARNING * * *
You slide downwards.
The hatch slams shut behind you.
A crimson imp comes into view.
The crimson imp shouts!
Found four items.
Unknown command.
Casting: Sticks to Snakes
Confirm with . or Enter, or press ? or * to list all spells.
Your feet morph into talons.
The gnoll barely misses you.
The crimson imp blinks!
You hit the gnoll. Your kick misses the gnoll.
The gnoll is moderately wounded.
The gnoll hits you with a club.
You die...

# #######
..#.../.##
..ยง......##
..........# #
..........#.#
......g.....###
.......@.......
.........$.....
.5.............
..#.....?....%.
# ###.##.......
.. #...... .##
#..... #. ....#


You could see a gnoll and a crimson imp.

Vanquished Creatures
  A howler monkey (D:4)
  The ghost of crawlian the Firebug, a weakling DEFE (D:3)
  2 orc priests (D:3)
  An orc wizard (D:3)
  A worker ant (D:3)
  A gnoll (D:4)
  3 adders (D:3)
  An ooze (D:3)
  5 worms
  A dart slug (D:1)
  2 orcs (D:3)
  6 giant cockroaches
  5 goblins
  8 hobgoblins
  6 kobolds
  A quokka (D:3)
  2 ball pythons (D:4)
  8 bats
  6 frilled lizards
  6 rats
67 creatures vanquished.

Notes
Turn   | Place    | Note
-------+----------+-------------------------------------------
     0 | D:1      | MTVSty1e the Draconian Transmuter began the quest for the Orb.
     0 | D:1      | Reached XP level 1. HP: 16/16 MP: 3/3
   187 | D:1      | Reached XP level 2. HP: 24/24 MP: 3/5
   276 | D:1      | Learned a level 2 spell: Sticks to Snakes
  1104 | D:2      | Found a stormy altar of Qazlal.
  1250 | D:2      | Reached XP level 3. HP: 19/30 MP: 4/6
  2309 | D:3      | Reached skill level 4 in Unarmed Combat
  2309 | D:3      | Reached XP level 4. HP: 8/38 MP: 5/7
  2872 | D:3      | Noticed crawlian's ghost (weakling DEFE)
  2888 | D:3      | Killed crawlian's ghost
  3147 | D:3      | Reached XP level 5. HP: 42/45 MP: 6/8
  3818 | D:3      | Reached skill level 5 in Unarmed Combat
  4208 | D:3      | Learned a level 5 spell: Blade Hands
  4282 | D:4      | Noticed Mesmaeker13's ghost (amateur HuSk)
  4830 | D:4      | Reached XP level 6. HP: 48/53 MP: 7/9
  4906 | D:5      | Entered Level 5 of the Dungeon
  4908 | D:5      | Slain by a gnoll

Skill      XL: |  1  2  3  4  5 |
---------------+----------------+-----
Fighting       | 2 3 4 |  4.6
Unarmed Combat | 4 5 |  5.3
Dodging        | |  1.7
Spellcasting   | |  2.0
Transmutations | |  2.0

Action                   |  1- 3 |  4- 6 || total
-------------------------+-------+-------++-------
Melee: Unarmed           |   126 |   144 ||   270
       Headbutt          |     7 |     8 ||    15
       Tailslap          |    11 |    10 ||    21
       Kick              |     6 |    16 ||    22
       Punch             |       |     2 ||     2
 Cast: Beastly Appendage |    25 |    30 ||    55
       Sticks to Snakes  |       |     5 ||     5
  Use: Potion            |     1 |     1 ||     2
 Stab: Sleeping          |     1 |       ||     1
  Eat: Fruit             |     1 |     2 ||     3
       Bread ration      |     1 |     1 ||     2
       Royal jelly       |       |     2 ||     2
Armor: Skin              |    47 |    37 ||    84
Dodge: Dodged            |    93 |    89 ||   182
